 Dungeon Sprint DCSS version 0.31.0-11-ge490571c62 (webtiles) character file.

Game seed: 3394018672131630493

5880 boopmooplesden the Peltast (level 10, -15/141 HPs)
             Began as an Armataur Fighter on Feb 8, 2024.
             Was the Champion of Trog.
             Demolished by a guardian mummy (17 damage)
             ... in the Dungeon (Sprint V: "Ziggurat Sprint").
             The game lasted 00:03:30 (1220 turns).

boopmooplesden the Peltast (Armataur Fighter)       Turns: 1220, Time: 00:03:30

Health: -15/141    AC: 29    Str: 31    XL:     10   Next: 52%
Magic:  10/10      EV:  1    Int:  8    God:    Trog [******]
Gold:   0          SH: 32    Dex: 17    Spells: 9/9 levels left

rFire   . . .        E - +11 Screaming Sword {sonic wave}
rCold   . . .        D - +18 shield of the Gong {Loud rN+ Will+ rCorr EV-5}
rNeg    + . .        C - +15 Maxwell's patent armour {-Cast -Tele rElec Will+ rCorr}
rPois   .            (no helmet)
rElec   +            (no cloak)
rCorr   +            (no gloves)
SInv    .            (no barding)
Will    ++...        (no amulet) Stlth
                     A - +6 ring of strength
HPRegen 0.43/turn    w - +6 ring of dexterity
MPRegen 0.12/turn

%: no teleportation, no spellcasting, roll
@: berserking (expiring), slowed
A: large, deformed body, tough skin 3, armoured tail, roll 2
a: Renounce Religion, Berserk, Trog's Hand, Brothers in Arms


You were in the Dungeon.
You worshipped Trog.
Trog was exalted by your worship.
You visited 1 branch

Inventory:

Hand Weapons
 a - a +0 long sword
 E - the +11 Screaming Sword (weapon) {sonic wave}
   (You found it in the Dungeon)
 F - the +11 plutonium sword {^Contam Stlth-}
   (You found it in the Dungeon)

   ^Contam:   It causes magical contamination when unequipped.
   Stlth-:    It makes you less stealthy.
 G - the +9 sword of Power {lifebolt}
   (You found it in the Dungeon)
 J - the +7 spear "Ratuigax" {venom, +Blink Dex+8 SInv}
   (You found it in the Dungeon)

   Dex+8:     It affects your dexterity (+8).
   SInv:      It lets you see invisible.
   +Blink:    It lets you blink.
 K - the +0 great sword of the Desolation of Salt {freeze, +Blink rCorr}
   (You found it in the Dungeon)

   +Blink:    It lets you blink.
   rCorr:     It protects you from acid and corrosion.
 N - the +1 great mace of the Hundredfold Lives {freeze, Int+3}
   (You found it in the Dungeon)

   Int+3:     It affects your intelligence (+3).
Armour
 b - a +0 scale mail
 c - a +0 buckler
 C - the +15 Maxwell's patent armour (worn) {-Cast -Tele rElec Will+ rCorr}
   (You found it in the Dungeon)

   rElec:     It insulates you from electricity.
   Will+:     It increases your willpower.
   -Cast:     It prevents spellcasting.
   -Tele:     It prevents most forms of teleportation.
   rCorr:     It protects you from acid and corrosion.
 D - the +18 shield of the Gong (worn) {Loud rN+ Will+ rCorr EV-5}
   (You found it in the Dungeon)

   Loud:      It is deafeningly noisy when blocking attacks.
   EV-5:      It affects your evasion (-5).
   rN+:       It protects you from negative energy.
   Will+:     It increases your willpower.
   rCorr:     It protects you from acid and corrosion.
Jewellery
 v - a ring of flight
 w - a +6 ring of dexterity (right hand)
 x - a +6 ring of dexterity
 y - a +6 ring of intelligence
 z - a +6 ring of intelligence
 A - a +6 ring of strength (left hand)
 B - a +6 ring of strength
 H - a ring of magical power
 L - a ring of positive energy
 M - a +5 ring of evasion
 O - a ring of see invisible
 S - an amulet of faith
Wands
 s - a wand of mindburst (7)
 t - a wand of iceblast (15)
 u - a wand of acid (7)
 P - a wand of charming (5)
Scrolls
 j - 4 scrolls of blinking
 o - 4 scrolls of amnesia
 p - 7 scrolls of fog
 q - 5 scrolls of identify
 r - 2 scrolls of fear
 Q - a scroll of brand weapon
 R - 4 scrolls of enchant armour
Potions
 d - 7 potions of might
 e - 10 potions of curing
 f - 10 potions of heal wounds
 g - 6 potions of haste
 h - 7 potions of magic
 i - 3 potions of berserk rage
 k - 2 potions of brilliance
 l - 2 potions of invisibility
 m - 4 potions of resistance
 n - a potion of experience
Miscellaneous
 I - a phantom mirror


   Skills:
 + Level 10.9 Fighting
 + Level 13.3 Long Blades
 + Level 13.2 Armour
 + Level 1.0 Dodging
 + Level 15.7 Shields


You had 9 spell levels left.
You didn't know any spells.
Your spell library was empty.

Dungeon Overview and Level Annotations

Branches:
Dungeon (1/1)

Altars:
Ashenzari
Cheibriados
Dithmenos
Elyvilon
Fedhas
Gozag
Hepliaklqana
Kikubaaqudgha
Makhleb
Nemelex Xobeh
Okawaru
Qazlal
Ru
Sif Muna
Trog
Uskayaw
Vehumet
Wu Jian
Xom
Yredelemnul
Zin
The Shining One
Jiyva
Lugonu

Annotations:
D 1 transporter


Innate Abilities, Weirdness & Mutations

Armour fits poorly on your strangely shaped body.
You have extremely tough skin. (AC +3)
You have a long armoured tail.
You regenerate magic and health when rolling toward enemies. (Rampage Regen)


Message History

GONNNNG!
The royal mummy calls on the powers of darkness!
Your body is wracked with pain!
* * * LOW HITPOINT WARNING * * *
The guardian mummy hits you but does no damage.
Your Long Blades skill increases to level 13!
Your Dodging skill increases to level 1!
You slice the royal mummy!!
The royal mummy is heavily damaged.
You block the death scarab's attack.
BONNNG!
You block the death scarab's attack.
BOUMMMMG!
You block the death scarab's attack.
BOUMMMMG!
The royal mummy gestures at you while chanting.
Something smites you!
* * * LOW HITPOINT WARNING * * *
Unknown command.
You slash the royal mummy!
The royal mummy is heavily damaged.
You block the death scarab's attack.
BONNNG!
The death scarab bites you but does no damage.
You block the guardian mummy's attack.
SHROANNG!
The guardian mummy hits you but does no damage.
You block the royal mummy's attack.
BONNNG!
You slice the royal mummy!!
You tail-slap the royal mummy, but do no damage.
The royal mummy is severely damaged.
You block the death scarab's attack.
GONNNNG!
You block the death scarab's attack.
BOUMMMMG!
You block the death scarab's attack.
GONNNNG!
The guardian mummy hits you!
You die...

▓....©....▓...©...▓
▓▓▓▓▓▓▓▓▓▓▓▓▓▓▓▓▓▓▓
▓...8©8...▓
▓..))[[|..▓
▓...))[)..▓
▓.........▓
▓.........▓
▓..MMM....▓
▓.B.@M....▓
▓.▓..†..▓.▓
▓.B..B....▓
▓▓▓▓▓▓▓▓▓▓▓


You could see a royal mummy, 3 guardian mummies and 3 death scarabs.

Vanquished Creatures
  2 death scarabs (D)
  4 shining eyes (D)
  2 eyes of devastation (D)
  3 tarantellas (D)
  2 glass eyes (D)
  4 slime creatures (D)
  2 orc warriors (D)
  A necrophage (D)
  A scorpion (D)
  A crimson imp (D)
  5 orc priests (D)
  5 jellies (D)
  3 iron imps (D)
  3 orc wizards (D)
  A mummy (D)
  An orc (D)
  2 bat zombies (D)
  4 endoplasms (D)
  A giant cockroach zombie (D)
  A quokka skeleton (D)
48 creatures vanquished.

Vanquished Creatures (others)
  An endoplasm (D)
1 creature vanquished.

Grand Total: 49 creatures vanquished

Notes
Turn   | Place    | Note
-------+----------+-------------------------------------------
     0 | D        | boopmooplesden the Armataur Fighter began the quest for the
                  | Orb.
     0 | D        | Reached XP level 1. HP: 18/18 MP: 1/1
     0 | D        | Found a shimmering blue altar of Sif Muna.
     0 | D        | Found a sacrificial altar of Ru.
     0 | D        | Found a bloodstained altar of Trog.
     0 | D        | Found a stormy altar of Qazlal.
     0 | D        | Found an iron altar of Okawaru.
     0 | D        | Found a sparkling altar of Nemelex Xobeh.
     0 | D        | Found a blossoming altar of Fedhas.
     0 | D        | Found the +6 Majin-Bo {spellvamp, MP+6 Int+6}
     0 | D        | Found the +27 heavy crossbow "Sniper" {heavy, Acc+∞ SInv}
     0 | D        | Found the +10 dark maul {heavy}
     0 | D        | Found the +15 Maxwell's patent armour {-Cast -Tele rElec
                  | Will+ rCorr}
     0 | D        | Found the +18 shield of the Gong {Loud rN+ Will+ rCorr
                  | EV-5}
     0 | D        | Found the +16 obsidian axe {drain, demonic, Mesm ^Drain Fly
                  | SInv}
     0 | D        | Found the +7 great mace "Firestarter" {flame, immolate,
                  | rFlCloud rF++}
     0 | D        | Found the +6 shillelagh "Devastator" {shatter}
     0 | D        | Found the +11 plutonium sword {^Contam Stlth-}
     0 | D        | Found the +8 lance "Wyrmbane" {slay drac, rPois rF+ rC+
                  | AC+3}
     0 | D        | Found the +9 sword of Zonguldrok {reap}
     0 | D        | Found the +13 scythe of Curses {drain, curses, ^Drain}
     0 | D        | Found the +9 sword of Power {lifebolt}
     0 | D        | Found the +7 mace of Variability {chaos, chaos arc}
     0 | D        | Found the +11 Singing Sword {sonic wave}
     0 | D        | Found the +8 storm bow {elec, penet}
     2 | D        | Found a transporter.
     2 | D        | Found an ancient bone altar of Kikubaaqudgha.
     2 | D        | Found a viscous altar of Jiyva.
     2 | D        | Found a corrupted altar of Lugonu.
     2 | D        | Found a hazy altar of Hepliaklqana.
     2 | D        | Found a burning altar of Makhleb.
     2 | D        | Found an opulent altar of Gozag.
    75 | D        | Became a worshipper of Trog the Wrathful
    87 | D        | Entered arena 2.
    87 | D        | Noticed a slime creature
    87 | D        | Noticed a glass eye
    87 | D        | Found a transporter.
    90 | D        | Killed a glass eye
    91 | D        | Reached skill level 7 in Shields
    91 | D        | Reached XP level 2. HP: 14/30 MP: 2/2
    91 | D        | Reached XP level 3. HP: 18/37 MP: 3/3
    91 | D        | Reached XP level 4. HP: 21/44 MP: 4/4
    91 | D        | Reached XP level 5. HP: 24/50 MP: 5/5
    94 | D        | Killed a slime creature
    95 | D        | Reached skill level 8 in Shields
    95 | D        | Reached XP level 6. HP: 31/60 MP: 6/6
   292 | D        | Entered arena 3.
   292 | D        | Found a transporter.
   297 | D        | Reached * piety under Trog
   304 | D        | Reached skill level 5 in Long Blades
   304 | D        | Reached skill level 9 in Shields
   312 | D        | Got the +7 spear "Ratuigax" {venom, +Blink Dex+8 SInv}
   314 | D        | Entered arena 4.
   314 | D        | Found a transporter.
   317 | D        | Reached ** piety under Trog
   320 | D        | Reached *** piety under Trog
   321 | D        | Gained mutation: You regenerate magic and health when
                  | rolling toward enemies. (Rampage Regen) [Armataur growth]
   321 | D        | Reached XP level 7. HP: 67/67 MP: 7/7
   324 | D        | Got the +0 great sword of the Desolation of Salt {freeze,
                  | +Blink rCorr}
   326 | D        | Entered arena 5.
   326 | D        | Noticed a tarantella
   326 | D        | Noticed a tarantella
   326 | D        | Noticed a tarantella
   326 | D        | Found a transporter.
   330 | D        | Killed a tarantella
   331 | D        | Reached skill level 10 in Armour
   331 | D        | Reached skill level 10 in Shields
   331 | D        | Killed a tarantella
   331 | D        | Killed a tarantella
   332 | D        | Reached skill level 11 in Shields
   332 | D        | Reached XP level 8. HP: 75/75 MP: 8/8
   676 | D        | Entered arena 6.
   676 | D        | Found a transporter.
   678 | D        | Reached **** piety under Trog
   679 | D        | Reached ***** piety under Trog
   685 | D        | Got the +1 great mace of the Hundredfold Lives {freeze,
                  | Int+3}
   687 | D        | Entered arena 7.
   687 | D        | Noticed an eye of devastation
   687 | D        | Noticed a shining eye
   687 | D        | Noticed a shining eye
   688 | D        | Found a transporter.
   691 | D        | Killed a shining eye
   692 | D        | Reached skill level 12 in Shields
   692 | D        | Killed a shining eye
   693 | D        | Reached XP level 9. HP: 84/84 MP: 9/9
   693 | D        | Killed an eye of devastation
   694 | D        | Reached skill level 10 in Long Blades
   694 | D        | Reached skill level 13 in Shields
   739 | D        | Entered arena 8.
   740 | D        | Found a transporter.
   749 | D        | Reached ****** piety under Trog
   756 | D        | Received a gift from Trog
   928 | D        | Entered arena 9.
   928 | D        | Noticed a shining eye
   928 | D        | Noticed a shining eye
   929 | D        | Found a transporter.
   933 | D        | Reached skill level 10 in Fighting
   937 | D        | Killed a shining eye
   938 | D        | Reached skill level 14 in Shields
   938 | D        | Killed a shining eye
   939 | D        | Reached XP level 10. HP: 94/94 MP: 10/10
  1175 | D        | Entered arena 10.
  1175 | D        | Noticed an eye of devastation
  1176 | D        | Found a transporter.
  1177 | D        | Identified the +7 war axe of Caxt {heavy, +Blink} (Trog
                  | gifted it to you in the Dungeon)
  1177 | D        | Received a gift from Trog
  1186 | D        | Killed an eye of devastation
  1186 | D        | Received a gift from Trog
  1187 | D        | Reached skill level 15 in Shields
  1207 | D        | Entered arena 11.
  1207 | D        | Noticed a death scarab
  1207 | D        | Noticed a death scarab
  1207 | D        | Noticed a royal mummy
  1209 | D        | Noticed a death scarab
  1209 | D        | Noticed a death scarab
  1209 | D        | Noticed a death scarab
  1212 | D        | Found a transporter.
  1217 | D        | Killed a death scarab
  1217 | D        | Killed a death scarab
  1218 | D        | Reached skill level 1 in Dodging
  1218 | D        | HP: 2/141 [royal mummy/divine providence (12)]
  1220 | D        | Demolished by a guardian mummy

Illustrated notes

Levels and vault maps discovered:
D:        sprint_v [room_start, room_1, room_2, room_3, room_4, room_5, room_6,
          room_7, room_8, room_9, room_10, room_11, room_12, room_13, room_14,
          room_15, room_16, room_17, room_18, room_19, room_20, room_21,
          room_22, room_23, room_24, room_25, room_26, room_27]

Skill      XL: |  1  2  3  4  5  6  7  8  9 10 |
---------------+-------------------------------+-----
Fighting       | 6 7 8 9 10 | 10.9
Long Blades    | 3 4 5 7 9 12 13 | 13.3
Armour         | 8 9 11 12 13 | 13.2
Shields        | 7 8 9 11 12 14 15 | 15.7
Dodging        | 1 |  1.0

Action                     |  1- 3 |  4- 6 |  7- 9 | 10-12 || total
---------------------------+-------+-------+-------+-------++-------
  Melee: Double sword      |     3 |    18 |    32 |    19 ||    72
         Tailslap          |       |     1 |     2 |     4 ||     7
 Invoke: Berserk           |       |       |     3 |     1 ||     4
 Armour: Plate armour      |     2 |    10 |    16 |    31 ||    59
  Block: Kite shield       |     3 |    31 |    49 |    36 ||   119
